 Dungeon Crawl Stone Soup version 0.20.1-1-g8b1a95d (webtiles) character file.

135 Begomoth the Digger (level 5, -4/28 HPs)
             Began as a Gargoyle Earth Elementalist on July 14, 2017.
             Slain by an orc
             ... wielding a +0 trident
              (7 damage)
             ... on level 3 of the Dungeon on July 15, 2017.
             The game lasted 00:06:14 (2116 turns).

Begomoth the Digger (Gargoyle Earth Elementalist)   Turns: 2116, Time: 00:06:15

Health: -4/28      AC:  7    Str: 11    XL:     5   Next: 18%
Magic:  10/10      EV: 12    Int: 17    God:
Gold:   97         SH:  0    Dex: 10    Spells: 6/10 levels left

rFire    . . .     SeeInvis .   n - +0 spear (venom)
rCold    . . .     Gourm    .   (no shield)
rNeg     + . .     Faith    .   c - +0 robe
rPois    ∞         Spirit   .   v - +1 hat
rElec    +         Reflect  .   (no cloak)
rCorr    .         Harm     .   (no gloves)
MR       .....                  (no boots)
Stlth    ..........             (no amulet)
Regen    0.1/turn               a - ring of loudness (curse)
MPRegen  0.2/turn               y - ring of loudness (curse)

@: no status effects
A: negative energy resistance 1, electricity resistance, unbreathing,
petrification resistance, rot immunity, AC +4
a: no special abilities


You were on level 3 of the Dungeon.
You were not hungry.

You visited 1 branch of the dungeon, and saw 3 of its levels.

You collected 97 gold pieces.

Inventory:

Hand Weapons
 b - a +0 flail
 n - a +0 spear of venom (weapon)
Armour
 c - a +0 robe (worn)
 v - a +1 hat (worn)
Jewellery
 a - a cursed ring of loudness (left hand)
 m - an uncursed ring of poison resistance
 y - a cursed ring of loudness (right hand)
Scrolls
 h - 2 scrolls of fog {unknown}
 i - 3 scrolls of identify {unknown}
 j - a scroll of teleportation {unknown}
 l - a scroll of enchant weapon {unknown}
 o - a scroll of amnesia {unknown}
 p - 2 scrolls of recharging {unknown}
 r - a scroll of immolation {unknown}
 u - 3 scrolls of remove curse {unknown}
Potions
 f - a potion of flight {unknown}
 g - a potion of resistance {unknown}
 q - 2 potions of curing {unknown}
 t - 2 potions of agility {unknown}
 x - a potion of magic {unknown}
Books
 e - a book of Geomancy

   Spells                             Type                      Level
   a - Sandblast                      Earth                        1
   b - Passwall                       Transmutation/Earth          2
   c - Stone Arrow                    Conjuration/Earth            3
   d - Petrify                        Transmutation/Earth          4
   e - Lee's Rapid Deconstruction     Earth                        5
Comestibles
 d - a bread ration
 k - 4 fruits
 w - a royal jelly


   Skills:
 - Level 1.5 Dodging
 - Level 2.1 Stealth
 + Level 3.3 Spellcasting
 + Level 2.1 Conjurations
   Level 0.7 Transmutations
 + Level 5.0 Earth Magic


You had 6 spell levels left.
You knew the following spells:

 Your Spells              Type           Power        Failure   Level  Hunger
a - Sandblast             Erth           ###...       1%          1    None
b - Stone Arrow           Conj/Erth      ###...       11%         3    ###....


Dungeon Overview and Level Annotations

Branches:
Dungeon (3/15)

Altars:


Innate Abilities, Weirdness & Mutations

You are resistant to torment.
Your stone body is resilient. (AC +4)
You are immune to poison.
You resist negative energy. (rN+)
You are resistant to electric shocks. (rElec)
You can survive without breathing.
You are immune to petrification.
You are immune to rotting.


Message History

You barely miss the orc.
The orc is heavily wounded.
The orc closely misses you. The orc barely misses you.
You hit the orc.
The orc is severely wounded.
The orc misses you.
The orc hits you from afar with a trident.
You are too injured to fight recklessly!
You hit the orc.
You kill the orc!
The orc closely misses you.
You are too injured to fight recklessly!
The orc hits you with a trident!
* * * LOW HITPOINT WARNING * * *
You see here a club.
You closely miss the orc. The orc hits you with a trident.
* * * LOW HITPOINT WARNING * * *
You are too injured to fight recklessly!
You hit the orc but do no damage. The orc hits you with a trident!
You die...

#(.##..# ............#
......### ####...#####
#o..... ##[## #.o.# #.#
## ##.# #.# #.
##..###### #.# #.
#........#### #.# #.
#.#..........########.#
#.
#>#######...oo@)....<.#
#. # ####.########## #.
#.# #. #.# #. #.# #.
#.# #. #.# ########.
#.##########........
#...)........#######


You could see 2 orcs.

Vanquished Creatures
  7 adders
  2 worms (D:2)
  A dart slug (D:1)
  2 leopard geckos
  2 orcs (D:3)
  2 ball pythons
  8 giant cockroaches
  3 goblins
  6 hobgoblins
  3 jackals (D:1)
  3 quokkas (D:2)
  9 bats
  3 frilled lizards
  A kobold (D:2)
  7 rats
59 creatures vanquished.

Notes
Turn   | Place    | Note
-------+----------+-------------------------------------------
     0 | D:1      | Begomoth the Gargoyle Earth Elementalist began the quest for the Orb.
     0 | D:1      | Reached XP level 1. HP: 10/10 MP: 3/3
   168 | D:1      | Reached skill level 4 in Earth Magic
   168 | D:1      | Reached XP level 2. HP: 13/15 MP: 0/5
   674 | D:1      | Reached XP level 3. HP: 19/19 MP: 3/6
   679 | D:1      | Learned a level 3 spell: Stone Arrow
  1066 | D:2      | Reached skill level 1 in Conjurations
  1207 | D:2      | Reached XP level 4. HP: 21/24 MP: 8/8
  1770 | D:3      | Reached skill level 5 in Earth Magic
  1770 | D:3      | Reached XP level 5. HP: 15/28 MP: 6/9
  2116 | D:3      | Slain by an orc

Skill      XL: |  1  2  3  4  5 |
---------------+----------------+-----
Earth Magic    | 4 5 |  5.0
Conjurations   | 1 2 |  2.1
Spellcasting   | 3 |  3.3
Dodging        | |  1.5
Stealth        | |  2.1
Transmutations | |  0.7

Action                   |  1- 3 |  4- 6 || total
-------------------------+-------+-------++-------
Melee: Unarmed           |    10 |       ||    10
       Spear             |    38 |    76 ||   114
 Cast: Sandblast         |    37 |       ||    37
       Stone Arrow       |     1 |     4 ||     5
  Eat: Chunk             |     2 |     3 ||     5
Armor: Robe              |    27 |    31 ||    58
Dodge: Dodged            |    48 |    79 ||   127
